 Dungeon Crawl Stone Soup version 0.23.2-30-g0e89c35649 (webtiles) character file.

Game seed: 1326232722602472984

21 mahrnol the Grasshopper (level 2, 24/24 HPs)
             Began as a Ghoul Warper on June 11, 2019.
             Quit the game on level 1 of the Dungeon.
             The game lasted 00:08:34 (901 turns).

mahrnol the Grasshopper (Ghoul Warper)               Turns: 901, Time: 00:08:34

Health: 24/24      AC:  3    Str: 14    XL:     2   Next: 87%
Magic:  4/4        EV: 11    Int:  8    God:
Gold:   22         SH:  0    Dex:  8    Spells: 3/5 levels left

rFire    . . .     SeeInvis .   a - +0 short sword
rCold    + . .     Gourm    .   (no shield)
rNeg     + + +     Faith    .   b - +0 leather armour
rPois    ∞         Spirit   .   (no helmet)
rElec    .         Reflect  .   (no cloak)
rCorr    .         Harm     .   (no gloves)
MR       .....                  (no boots)
Stlth    +.........             (no amulet)
HPRegen  0.08/turn              (no ring)
MPRegen  0.09/turn              (no ring)

@: rotting
A: rotting body, claws 1, carnivore, cold resistance 1, negative energy
resistance 3, inhibited regeneration, torment resistance, unbreathing
a: no special abilities


You were on level 1 of the Dungeon.
You were not hungry.

You visited 1 branch of the dungeon, and saw 1 of its levels.

You collected 22 gold pieces.

Inventory:

Hand Weapons
 a - a +0 short sword (weapon)
Missiles
 e - 5 tomahawks of dispersal (quivered)
 g - 38 stones
 j - 3 tomahawks
Armour
 b - a +0 leather armour (worn)
Scrolls
 d - a scroll of blinking
 i - a scroll of remove curse {unknown}
 k - 2 scrolls of enchant armour {unknown}
 l - a scroll of teleportation {unknown}
 m - a scroll of enchant weapon {unknown}
 n - a scroll of noise {unknown}
Potions
 h - a potion of lignification {unknown}
Comestibles
 c - 4 chunks of flesh
 f - 2 rations


   Skills:
 - Level 2.1 Fighting
 + Level 2.2 Short Blades
 - Level 0.8 Throwing
 - Level 0.8 Armour
 + Level 2.1 Dodging
 * Level 1.0 Stealth
 - Level 2.0 Spellcasting
 + Level 2.7 Translocations


You had 3 spell levels left.
You knew the following spells:

 Your Spells              Type           Power        Failure   Level  Hunger
a - Blink                 Tloc           N/A          22%         2    ###....

Your spell library contained the following spells:

 Spells                   Type           Power        Failure   Level  Hunger
 Shroud of Golubria       Chrm/Tloc      #.........   36%         2    ###....
 Gell's Gravitas          Tloc           #.........   41%         3    ####...
 Lesser Beckoning         Tloc           #.........   41%         3    ####...
 Teleport Other           Tloc           #.......     41%         3    ####...
 Passage of Golubria      Tloc           N/A          82%         4    #####..


Dungeon Overview and Level Annotations

Branches:
Dungeon (1/15)

Altars:


Innate Abilities, Weirdness & Mutations

Your body is rotting away.
You thrive on raw meat.
You are immune to poison.
You have sharp fingernails.
You are carnivorous and can eat meat at any time.
Your flesh is cold resistant. (rC+)
You are immune to negative energy. (rN+++)
You do not regenerate when monsters are visible.
You are immune to unholy pain and torment.
You can survive without breathing.


Message History

The frilled lizard misses you.
You barely miss the frilled lizard.
The frilled lizard bites you but does no damage.
You hit the frilled lizard.
You kill the frilled lizard!
You see here a frilled lizard corpse.
Unknown command.
Unknown command.
Unknown command.
Press: ? - help, v - describe, . - travel, g - get item A frilled lizard corpse.
The floor.
Unknown command.
Unknown command.
Welcome back, mahrnol the Ghoul Warper.
Press ? for a list of commands and other information.
Saving game... please wait.
Welcome back, mahrnol the Ghoul Warper.
Press ? for a list of commands and other information.
Are you sure you want to abandon this character and quit the game? (Confirm with "yes".)

#..........# #...
#..........# #...
#..........# #...
#..........# #...
#..........# #...
#..........####... #
####.......÷......... #
....#....................
# #....†@......#.........
# #.$..........#.........
. #............#.........
###
#............#.........
#..
+......................
#.#
#......................
#.#######
#.........!...#........
#.#.....#
#.#############........
..#.###.# #######
#........


There were no monsters in sight!

Vanquished Creatures
  2 giant cockroaches (D:1)
  5 goblins (D:1)
  3 hobgoblins (D:1)
  3 bats (D:1)
  A frilled lizard (D:1)
  4 kobolds (D:1)
  A rat (D:1)
19 creatures vanquished.

Notes
Turn   | Place    | Note
-------+----------+-------------------------------------------
     0 | D:1      | mahrnol the Ghoul Warper began the quest for the Orb.
     0 | D:1      | Reached XP level 1. HP: 17/17 MP: 2/2
   413 | D:1      | Reached XP level 2. HP: 13/23 MP: 3/3
   436 | D:1      | Learned a level 2 spell: Blink
   885 | D:1      | Reached skill level 1 in Stealth
   901 | D:1      | Quit the game

Skill      XL: |  1  2 |
---------------+-------+-----
Short Blades   | 2 |  2.2
Dodging        | 2 |  2.1
Spellcasting   | 2 |  2.0
Stealth        | 1 |  1.0
Fighting       | |  2.1
Throwing       | |  0.8
Armour         | |  0.8
Translocations | |  2.7

Action                   || total
-------------------------++-------
Melee: Short sword       ||    87
  Eat: Chunk             ||     4
Armor: Leather armour    ||    25
Dodge: Dodged            ||    79
